 Dungeon Crawl Stone Soup version 0.30-a0-585-g93115170b9 (webtiles) character file.

Game seed: 6526045223733132072

36569 Decipherer the Bludgeoner (level 13, -13/97 HPs)
             Began as a Minotaur Berserker on Jan 1, 2023.
             Was a High Priest of Trog.
             Mangled by a spatial vortex (25 damage)
             ... summoned by a spatial maelstrom
             ... on level 3 of the Abyss on Jan 2, 2023.
             The game lasted 00:34:04 (12354 turns).

Decipherer the Bludgeoner (Minotaur Berserker)     Turns: 12354, Time: 00:34:05

Health: -13/97     AC: 27    Str: 22    XL:     13   Next: 53%
Magic:  3/3        EV:  8    Int: 12    God:    Trog [*****.]
Gold:   1200       SH:  0    Dex: 11    Spells: 12/12 levels left

rFire   . . .      SeeInvis .    i - +7 great mace of the Egg {antimagic, Int+3}
rCold   + . .      Faith    .    (shield currently unavailable)
rNeg    + . .      Spirit   .    q - +2 plate armour {rC+}
rPois   +          Reflect  .    j - +2 hat
rElec   .          Harm     .    w - +2 ratskin cloak {*Rats rPois rN+ Str-1 Int-1 Dex+1}
rCorr   .          Rampage  .    R - +2 pair of gloves
Will    ++...                    (no boots) Stlth
                                 F - amulet of regeneration
HPRegen 1.00/turn                e - +6 ring of dexterity
MPRegen 0.08/turn                (no ring)

@: confused, mighty, ambrosia-drunk, strong-willed (expiring), sick,
regenerating (expiring)
A: horns 2, retaliatory headbutt, clever 1, low MP 1, regeneration 1, weak 1,
[clumsy 2], [frail 2]
a: Renounce Religion, Berserk, Trog's Hand, Brothers in Arms


You were on level 3 of the Abyss.
You worshipped Trog.
Trog was extremely pleased with you.
You visited 3 branches of the dungeon, and saw 17 of its levels.
You visited the Abyss 1 time.

You collected 1737 gold pieces.
You spent 537 gold pieces at shops.

Inventory:

Hand Weapons
 i - the +7 great mace of the Egg (weapon) {antimagic, Int+3}
   (You acquired it on level 7 of the Dungeon)

   It reduces the magical energy of the wielder, and disrupts the spells and
   magical abilities of those it strikes.
   Natural abilities and divine invocations are not affected.
   Int:       It affects your intelligence (+3).
 l - the +6 short sword of Uskayaw, Bedazzling {vamp, rPois Dex+5}
   (You found it on level 4 of the Dungeon)

   It occasionally heals its wielder for a portion of the damage dealt when it
   wounds a living foe.
   Dex:       It affects your dexterity (+5).
   rPois:     It protects you from poison.
Missiles
 h - 2 throwing nets
 t - 17 boomerangs
 K - 2 boomerangs of dispersal
 L - 10 poisoned darts
 M - 2 silver boomerangs
 O - 3 datura-tipped darts
Armour
 j - a +2 hat (worn)
 q - a +2 plate armour of cold resistance (worn)
 w - the +2 ratskin cloak (worn) {*Rats rPois rN+ Str-1 Int-1 Dex+1}
   (You found it on level 5 of the Dungeon)

   When the wearer is hurt, rats may emerge from it to assist them.
   Str:       It affects your strength (-1).
   Int:       It affects your intelligence (-1).
   Dex:       It affects your dexterity (+1).
   rPois:     It protects you from poison.
   rN:        It protects you from negative energy.
 D - +0 fire dragon scales
 N - a +1 cloak
 P - a +0 hat of willpower
 R - a +2 pair of gloves (worn)
Jewellery
 e - a +6 ring of dexterity (left hand)
 s - the amulet of the Ageing Genius {Acrobat Dex+6}
   (You found it on level 4 of the Dungeon)

   [amulet of the acrobat]

   It increases your evasion while moving and waiting.
   Dex:       It affects your dexterity (+6).
 F - an amulet of regeneration (around neck)
Wands
 c - a wand of quicksilver (8)
 m - a wand of charming (17)
 r - a wand of roots (10)
 C - a wand of flame (42)
 E - a wand of mindburst (4)
 J - a wand of digging (5)
Scrolls
 a - 2 scrolls of fog
 f - a scroll of magic mapping
 k - 3 scrolls of enchant weapon
 x - 4 scrolls of immolation
 y - a scroll of enchant armour {unknown}
 G - 2 scrolls of identify
Potions
 d - 2 potions of invisibility
 g - a potion of attraction
 n - 2 potions of lignification
 v - 2 potions of haste
 z - a potion of ambrosia
 Q - 2 potions of might


   Skills:
 + Level 13.2 Fighting
 + Level 7.7 Short Blades
 + Level 19.0 Maces & Flails
 + Level 12.8 Armour
 + Level 4.3 Dodging
 + Level 2.1 Stealth
 + Level 1.9 Evocations


You had 12 spell levels left.
You didn't know any spells.
Your spell library contained the following spells:

 Spells                   Type           Power      Damage    Failure   Level
 Foxfire                  Conj/Fire      0%         2x1d4     98%         1
 Sandblast                Erth           0%         2d4       98%         1
 Shock                    Conj/Air       0%         1d3       98%         1
 Passwall                 Tmut/Erth      0%         N/A       99%         2
 Static Discharge         Conj/Air       0%         2-2/arc   99%         2
 Sublimation of Blood     Necr           0%         N/A       99%         2
 Wereblood                Tmut           0%         N/A       99%         2
 Stone Arrow              Conj/Erth      0%         3d7       100%        3
 Vhi's Electric Charge    Tloc/Air       0%         N/A       100%        3
 Animate Armour           Summ/Erth      0%         N/A       100%        4
 Arcjolt                  Conj/Air       0%         1d10      100%        5
 Fireball                 Conj/Fire      0%         3d3       100%        5
 Lightning Bolt           Conj/Air       0%         1d11      100%        5
 Starburst                Conj/Fire      0%         6d3       100%        6
 Summon Hydra             Summ           0%         N/A       100%        7
 Lehudib's Crystal Spear  Conj/Erth      0%         10d2      100%        8
 Maxwell's Capacitive Co  Air            0%         ∞         100%        8


Dungeon Overview and Level Annotations

Branches:
Dungeon (15/15)            Temple (0/1) D:6            Lair (1/5) D:8
    Orc (1/2) D:10
 Vaults: D:13-14     Depths: D:15

Altars:
Cheibriados
Elyvilon
Kikubaaqudgha
Okawaru
Qazlal
Sif Muna
Trog
Vehumet
Wu Jian
Yredelemnul
Zin

Shops:
D:9 *

Portals:
Trove: D:12 (give 7 scrolls of blinking)

Annotations:
D:15 Louise


Innate Abilities, Weirdness & Mutations

You have a pair of horns on your head.
You reflexively headbutt those who attack you in melee.
Your mind is acute. (Int +4, Str/Dex -1)
Your magical capacity is low. (-10% MP)
Your natural rate of healing is unusually fast.
You are weak. (Str -2)
[You are very clumsy. (Dex -4)]
[You are very frail. (-20% HP)]


Message History

Something closely misses your deep troll.
Your deep troll bites something!!
Trog accepts your kill.
Trog appreciates your killing of a magic user.
Reactivating autopickup.
You feel a bit more experienced.
You feel your intelligence returning.
Your Maces & Flails skill increases to level 19!
The spatial maelstrom attacks as you move away!
The spatial maelstrom hits you.
* * * LOW HITPOINT WARNING * * *
Space warps horribly around you.
* * * LOW HITPOINT WARNING * * *
The spatial maelstrom hits you but does no damage.
You feel the effects of Trog's Hand fading.
Your deep troll barely misses the spatial maelstrom.
Your deep troll claws the spatial maelstrom! x2
The starcursed mass touches your deep troll.
You are confused.
You feel invigorated. The spatial maelstrom hits you.
* * * LOW HITPOINT WARNING * * *
You blink.
A spatial vortex comes into view.
Your deep troll bites the spatial maelstrom!
Your deep troll claws the spatial maelstrom.
Your deep troll barely misses the spatial maelstrom.
The wretched star pulses with an eldritch light!
You feel frail. x2; You feel clumsy. x2
Your deep troll twists and deforms.
A chorus of shrieks assaults your mind.
* * * LOW HITPOINT WARNING * * *
Your deep troll bites the spatial maelstrom.
Your deep troll claws the spatial maelstrom!
Your deep troll claws the spatial maelstrom.
You feel very mighty all of a sudden.
The spatial maelstrom hits you but does no damage. x2
The spatial vortex hits you!
* * * LOW HITPOINT WARNING * * *
Space warps horribly around you!!
You die...

# .#.. ##...#
###......
######........#. #.
#....v@..#.#...# .#
#.###T.Xv.#.#..##..#
#.#.##.*..... .# *
###X...#....##.##.#
#.X####.#..##....#
##X##..##.###.... #.
......XX....{ ...
....... .........
X........ .. .
#..##..##X.# p.##..#
. #


You could see 4 starcursed masses, a spatial maelstrom (ally target), a wretched
star, a spatial vortex, 2 large abominations and a friendly deep troll
(summoned, berserk, misshapen).

Vanquished Creatures
  A fire dragon (D:10)
  Josephine (D:10)
  3 centaur warriors
  4 two-headed ogres
  2 boulder beetles (D:15)
  Nergalle (D:10)
  A sixfirhy (Abyss:3)
  Amaemon (D:7)
  A fire crab (shapeshifter) (D:13)
  Lodul (D:13)
  An orc knight (D:15)
  4 ugly things (D:15)
  A manticore (D:13)
  A cyclops (D:15)
  An orc sorcerer (D:15)
  A worldbinder (Abyss:3)
  An orange demon (D:8)
  A gargoyle (D:13)
  2 unseen horrors
  Psyche (D:10)
  A yaktaur (shapeshifter) (D:13)
  2 komodo dragons
  A queen bee (D:13)
  3 meliai (D:13)
  A troll (D:10)
  Grinder (D:5)
  A hornet (D:9)
  17 slime creatures
  A culicivora (shapeshifter) (D:15)
  A ynoxinul (Abyss:3)
  2 water elementals (D:12)
  A shadow (D:10)
  A vampire (D:12)
  12 yaks
  5 wyverns
  A basilisk (D:12)
  A large abomination (Abyss:3)
  8 wraiths
  6 vampire mosquitoes
  A chaos spawn (Abyss:3)
  A redback simulacrum (D:15)
  A warg (Orc:1)
  A water moccasin (Lair:1)
  3 acid dragons
  2 black bears
  A sky beast (D:6)
  12 orc warriors
  12 ogres
  3 ice beasts (D:5)
  2 centaurs
  2 bullfrogs (D:7)
  2 gnoll sergeants
  5 scorpions
  8 wights
  32 killer bees
  2 electric eels (D:12)
  9 howler monkeys
  6 orc priests
  3 hounds
  2 jellies
  4 iguanas
  Ijyb (D:2)
  9 orc wizards
  Robin (D:3)
  10 gnolls
  5 adders
  A shadow imp (D:8)
  A white imp (D:7)
  3 ufetubi
  4 worms
  5 dart slugs
  70 orcs
  7 endoplasms
  2 giant cockroaches
  17 goblins
  8 hobgoblins
  9 kobolds
  2 quokkas (D:5)
  7 ball pythons
  5 bats
  A frilled lizard (D:2)
  10 rats
388 creatures vanquished.

Vanquished Creatures (collateral kills)
  A lich (Abyss:3)
  A large abomination (Abyss:3)
  A will-o-the-wisp (Abyss:3)
  An orange demon (Abyss:3)
  An ancient zyme (Abyss:3)
  A raiju (Abyss:3)
  2 flying skulls (Abyss:3)
  A neqoxec (Abyss:3)
  A redback (shapeshifter) (Abyss:3)
  An orc warrior (D:9)
  2 electric eels (D:12)
  3 starcursed masses (Abyss:3)
  An orc (D:10)
17 creatures vanquished.

Vanquished Creatures (others)
  A centaur warrior (D:15)
  A spriggan (shapeshifter) (D:15)
  An orc priest (D:15)
  4 foxfires (Abyss:3)
  2 fungi (D:10)
  17 plants (D:5)
  5 starspawn tentacles (Abyss:3)
31 creatures vanquished.

Grand Total: 436 creatures vanquished

Notes
Turn   | Place    | Note
-------+----------+-------------------------------------------
     0 | D:1      | Decipherer the Minotaur Berserker began the quest for the
                  | Orb.
     0 | D:1      | Reached XP level 1. HP: 19/19 MP: 0/0
   127 | D:1      | Reached skill level 4 in Maces & Flails
   177 | D:1      | Reached XP level 2. HP: 12/27 MP: 1/1
   536 | D:1      | Found a faded altar of an unknown god.
   584 | D:2      | You fall into a shaft and drop 1 floor!
   654 | D:3      | Reached ** piety under Trog
   655 | D:3      | Reached XP level 3. HP: 30/33 MP: 2/2
   784 | D:3      | Noticed Robin
   803 | D:3      | Killed Robin
   805 | D:3      | Reached XP level 4. HP: 40/40 MP: 3/3
   822 | D:3      | Found a bloodstained altar of Trog.
  1292 | D:3      | Reached skill level 5 in Maces & Flails
  1687 | D:2      | Found an ornate altar of the Wu Jian Council.
  2014 | D:2      | Noticed Ijyb
  2023 | D:2      | Killed Ijyb
  2024 | D:2      | Reached XP level 5. HP: 47/47 MP: 4/4
  2540 | D:4      | Reached *** piety under Trog
  2565 | D:4      | Reached skill level 6 in Maces & Flails
  2635 | D:4      | Identified the +6 short sword of Uskayaw, Bedazzling {vamp,
                  | rPois Dex+5}
  2768 | D:4      | Identified the amulet of the Ageing Genius {Acrobat Dex+6}
  2838 | D:4      | Found a glowing silver altar of Zin.
  2838 | D:4      | Noticed an angel
  2868 | D:5      | Entered Level 5 of the Dungeon
  3001 | D:5      | Found an iron altar of Okawaru.
  3002 | D:5      | Found the +2 ratskin cloak {*Rats rPois rN+ Str-1 Int-1
                  | Dex+1}
  3111 | D:5      | Reached XP level 6. HP: 55/55 MP: 5/5
  3146 | D:5      | Noticed an ice beast
  3160 | D:5      | Killed an ice beast
  3161 | D:5      | Reached skill level 5 in Fighting
  3161 | D:5      | Reached skill level 1 in Short Blades
  3241 | D:5      | Noticed Grinder
  3259 | D:5      | Killed Grinder
  3260 | D:5      | Reached skill level 7 in Maces & Flails
  3260 | D:5      | Reached skill level 5 in Armour
  3260 | D:5      | Reached XP level 7. HP: 61/61 MP: 6/6
  3411 | D:5      | Reached XP level 8. HP: 68/70 MP: 7/7
  3879 | D:5      | Found a white marble altar of Elyvilon.
  3906 | D:5      | Reached skill level 5 in Short Blades
  3906 | D:5      | Reached skill level 1 in Stealth
  4741 | D:6      | Found a staircase to the Ecumenical Temple.
  4805 | D:6      | Reached **** piety under Trog
  5193 | D:7      | Reached XP level 9. HP: 79/79 MP: 8/8
  5425 | D:7      | Identified a scroll of acquirement
  5425 | D:7      | Acquired the +7 great mace of the Egg {antimagic, Int+3}
  5816 | D:7      | Found a radiant altar of Vehumet.
  5816 | D:7      | Found an ancient bone altar of Kikubaaqudgha.
  5957 | D:8      | Noticed Amaemon
  5959 | D:8      | Noticed an orange demon
  5968 | D:7      | HP: 3/79 [Amaemon/+1 demon whip of venom (2)]
  5973 | D:7      | HP: 2/79 [poisoned by Amaemon]
  6082 | D:7      | Killed Amaemon
  6083 | D:7      | Reached skill level 8 in Maces & Flails
  6191 | D:8      | Found a shimmering blue altar of Sif Muna.
  6381 | D:8      | Found a snail-covered altar of Cheibriados.
  6424 | D:8      | Found a staircase to the Lair.
  6495 | D:8      | Reached skill level 9 in Maces & Flails
  6513 | D:8      | Noticed a boulder beetle
  6711 | D:8      | Killed an orange demon
  6845 | Lair:1   | Entered Level 1 of the Lair of Beasts
  6857 | Lair:1   | Got Vehumet's Elucidation of Momentum
  6947 | D:9      | Reached XP level 10. HP: 90/90 MP: 3/9
  6955 | D:9      | Reached skill level 10 in Maces & Flails
  7195 | D:9      | Reached skill level 11 in Maces & Flails
  7764 | D:9      | Found Xionny's General Store.
  7926 | D:10     | Entered Level 10 of the Dungeon
  8017 | D:10     | Reached ***** piety under Trog
  8026 | D:10     | Reached skill level 12 in Maces & Flails
  8117 | D:10     | Found a stormy altar of Qazlal.
  8130 | D:10     | Noticed Psyche
  8144 | D:10     | Killed Psyche
  8149 | D:10     | Reached skill level 10 in Armour
  8169 | D:10     | Found a basalt altar of Yredelemnul.
  8199 | D:10     | Noticed a fire dragon
  8208 | D:10     | Killed a fire dragon
  8209 | D:10     | Reached XP level 11. HP: 23/99 MP: 3/10
  8383 | D:10     | Gained mutation: Your mind is acute. (Int +4, Str/Dex -1)
                  | [potion of mutation]
  8383 | D:10     | Gained mutation: You are robust. (+10% HP) [potion of
                  | mutation]
  8383 | D:10     | Gained mutation: You have a pair of large horns on your
                  | head. [potion of mutation]
  8426 | D:10     | Found a staircase to the Orcish Mines.
  8556 | D:10     | Noticed Josephine
  8562 | D:10     | Reached skill level 13 in Maces & Flails
  8567 | D:10     | Killed Josephine
  8569 | D:10     | Reached skill level 10 in Fighting
  8573 | D:10     | Noticed Nergalle
  8584 | D:10     | Killed Nergalle
  8594 | D:10     | Received a gift from Trog
  8598 | D:10     | Lost mutation: Your mind is acute. (Int +4, Str/Dex -1)
                  | [potion of mutation]
  8598 | D:10     | Lost mutation: You have a pair of large horns on your head.
                  | [potion of mutation]
  8598 | D:10     | Gained mutation: You have sharp toenails. [potion of
                  | mutation]
  8598 | D:10     | Gained mutation: Your mind is acute. (Int +4, Str/Dex -1)
                  | [potion of mutation]
  8598 | D:10     | Gained mutation: You are partially covered in iridescent
                  | scales. (AC +2) [potion of mutation]
  8935 | D:11     | Reached skill level 14 in Maces & Flails
  8952 | D:11     | Noticed a two-headed ogre
  8954 | D:11     | Noticed a two-headed ogre
  8957 | D:11     | Killed a two-headed ogre
  8961 | D:11     | Killed a two-headed ogre
  9433 | D:12     | Reached skill level 15 in Maces & Flails
  9569 | D:12     | Reached XP level 12. HP: 118/118 MP: 3/11
  9677 | D:12     | Found a portal to a secret trove of treasure.
  9735 | D:12     | Noticed a two-headed ogre
  9741 | D:12     | Killed a two-headed ogre
 10131 | D:12     | Reached skill level 16 in Maces & Flails
 10198 | D:13     | Noticed Lodul
 10202 | D:13     | Noticed a centaur warrior
 10206 | D:13     | Killed Lodul
 10217 | D:13     | Killed a centaur warrior
 10390 | D:13     | Noticed a centaur warrior
 10408 | D:13     | Killed a centaur warrior
 10501 | D:13     | Reached skill level 17 in Maces & Flails
 10999 | D:14     | Noticed a two-headed ogre
 11004 | D:14     | Killed a two-headed ogre
 11150 | D:9      | Bought a potion of resistance for 110 gold pieces
 11150 | D:9      | Bought a scroll of summoning for 104 gold pieces
 11150 | D:9      | Bought a wand of digging (7) for 323 gold pieces
 11235 | Orc:1    | Entered Level 1 of the Orcish Mines
 11429 | D:15     | Entered Level 15 of the Dungeon
 11470 | D:15     | Reached ****** piety under Trog
 11491 | D:15     | Noticed Louise
 11530 | D:15     | Received a gift from Trog
 11531 | D:15     | Reached XP level 13. HP: 129/129 MP: 4/12
 11533 | D:15     | Reached skill level 18 in Maces & Flails
 11644 | D:15     | Reached skill level 1 in Evocations
 11697 | D:15     | Lost mutation: You are robust. (+10% HP) [potion of
                  | mutation]
 11697 | D:15     | Lost mutation: You have sharp toenails. [potion of
                  | mutation]
 11697 | D:15     | Lost mutation: You are partially covered in iridescent
                  | scales. (AC +2) [potion of mutation]
 11697 | D:15     | Gained mutation: You are weak. (Str -2) [potion of
                  | mutation]
 11697 | D:15     | Gained mutation: Your magical capacity is low. (-10% MP)
                  | [potion of mutation]
 11697 | D:15     | Gained mutation: Your natural rate of healing is unusually
                  | fast. [potion of mutation]
 12031 | Abyss:2  | Cast into level 2 of the Abyss (a wizard)
 12283 | Abyss:3  | Noticed a starcursed mass
 12303 | Abyss:3  | Paralysed by accursed screaming for 1 turns
 12340 | Abyss:3  | Noticed a bone dragon
 12348 | Abyss:3  | Noticed a lich
 12351 | Abyss:3  | Killed a lich
 12352 | Abyss:3  | Reached skill level 19 in Maces & Flails
 12354 | Abyss:3  | Mangled by a spatial vortex

Illustrated notes

Levels and vault maps discovered:
D:1:      onia_arrival_pentagram, layout_rooms,
          hellmonk_ecumenical_altar_leap_of_faith
D:2:      kennysheep_the_goblin_king, layout_basic, basic_altar
D:3:      layout_basic, mainiacjoe_overflow_concentric_impassable,
          serial_co_window_serial, co_window_of_opportunity_a,
          co_window_paths_b, co_window_paths_a, co_window_of_opportunity_a,
          co_window_corner_a, co_window_broadway_b, co_window_paths_c,
          co_window_corner_b, co_window_paths_c, glass_columns_c,
          glass_columns_a, fountainhead, uniq_robin
D:4:      minmay_clustersquares, layout_basic, zin_angel, chequers_arboretum
D:5:      cheibrodos_barr_body, layout_basic, nicolae_elyvilon_temple_path,
          mainiacjoe_overflow_24_doors, gup_sewer_entry_spiral, serial_rivers,
          chequers_serial_rivers_room_b, chequers_serial_rivers_micro_a,
          chequers_serial_rivers_small_b, chequers_serial_rivers_large_b,
          chequers_serial_rivers_small_b, chequers_serial_rivers_large_a,
          uniq_grinder
D:6:      layout_loops_corners, temple_hall, minivault_1
D:7:      layout_loops_ring, gammafunk_temple_overflow_wave, serial_glass,
          glass_columns_a, glass_columns_a, glass_columns_a, glass_columns_b,
          glass_columns_a, glass_columns_b, glass_columns_a, glass_columns_b,
          due_unseen_surprise, minmay_misc_feat_cross
D:8:      layout_basic, chequers_temple_overflow_statue_of_worship,
          dpeg_oklobed_lair, uniq_amaemon
D:9:      layout_gridville, serial_shops, kennysheep_mini_moat, minmay_puff
D:10:     layout_roguey [special_room_orc], mainiacjoe_overflow_boulevard,
          lemuel_doored_altar, david_orc_4, minmay_starry_boxes, uniq_nergalle,
          uniq_josephine, uniq_psyche
D:11:     layout_cave_pools
D:12:     layout_basic, enter_trove_1
D:13:     layout_basic, special_room [special_room_bee], uniq_lodul
D:14:     ragdoll_tomb_raider, layout_long_grid, david_vaults_2,
          corexii_leaking_fountain, nicolae_straight_to_the_point, uniq_frances
D:15:     grunt_enter_depths_magical_seal, layout_rooms, chequers_jeans,
          uniq_louise
Lair:1:   layout_misc_corridors, nicolae_quartered_pool_medium
Orc:1:    orc_temple, layout_caves
Abyss:3:  base: Sewer, evilmike_abyss_exit_glass, hangedman_abyss_shoalhut,
          evilmike_abyss_exit_17, evilmike_abyss_exit_vortex

Skill      XL: |  1  2  3  4  5  6  7  8  9 10 11 12 13 |
---------------+----------------------------------------+-----
Maces & Flails | 4 5 6 7 9 12 15 17 19 | 19.0
Fighting       | 4 5 6 7 8 9 10 12 13 | 13.2
Armour         | 3 4 5 7 8 10 11 12 | 12.8
Short Blades   | 2 4 6 7 |  7.7
Stealth        | 1 2 |  2.1
Dodging        | 3 4 |  4.3
Evocations     | 1 |  1.9

Action                   |  1- 3 |  4- 6 |  7- 9 | 10-12 | 13-15 || total
-------------------------+-------+-------+-------+-------+-------++-------
Melee: Mace              |    57 |   130 |       |       |       ||   187
       Headbutt          |     7 |    26 |    47 |    82 |    17 ||   179
       Short sword       |       |    43 |   161 |       |       ||   204
       Punch             |       |     2 |       |       |       ||     2
       Great mace        |       |       |    69 |   434 |    74 ||   577
       Kick              |       |       |       |    69 |    27 ||    96
Invok: Berserk           |     2 |     4 |     2 |    10 |     1 ||    19
       Brothers in Arms  |       |       |       |       |     4 ||     4
       Trog's Hand       |       |       |       |       |     1 ||     1
Evoke: Wand              |       |       |       |     8 |     8 ||    16
  Use: Scroll            |     3 |     4 |     9 |     4 |     5 ||    25
       Potion            |       |       |     8 |     8 |     8 ||    24
 Stab: Sleeping          |     1 |       |       |       |       ||     1
       Distracted        |       |       |       |     2 |       ||     2
Armor: Animal skin       |     3 |       |       |       |       ||     3
       Chain mail        |    21 |    29 |       |       |       ||    50
       Plate armour      |       |    99 |   179 |   437 |    19 ||   734
       Fire dragon scale |       |       |       |    17 |    37 ||    54
Dodge: Dodged            |    33 |    63 |   109 |   252 |    42 ||   499

Table legend: (Time is in decaauts)
 A = Elapsed time spent in this place.
 B = Non-inter-level travel time spent in this place.
 C = Inter-level travel time spent in this place.
 D = Time resting spent in this place.
 E = Time spent auto-exploring this place.
 F = Levels seen in this place.
 G = Mean time per level.
                   A        B        C        D        E       F      G
               +--------+--------+--------+--------+--------+-----+--------+
         Total |  12616 |  12049 |    567 |      0 |   8716 |  19 |  664.0 |
       Dungeon |  12172 |  11605 |    567 |      0 |   8675 |  15 |  811.5 |
          Lair |     42 |     42 |      0 |      0 |      0 |   1 |   42.0 |
  Orcish Mines |     68 |     68 |      0 |      0 |      0 |   1 |   68.0 |
         Abyss |    333 |    333 |      0 |      0 |     41 |   2 |  166.5 |
               +--------+--------+--------+--------+--------+-----+--------+

Top non-repeatable levels by time:
     D:5: 1323 daAuts
    D:10: 1150 daAuts
     D:3: 1137 daAuts
     D:9: 1096 daAuts
     D:7: 1003 daAuts
     D:6: 950 daAuts
    D:13: 828 daAuts
     D:8: 818 daAuts
    D:12: 791 daAuts
     D:4: 655 daAuts
    D:15: 597 daAuts
     D:2: 585 daAuts
    D:11: 571 daAuts
     D:1: 562 daAuts
 Abyss:3: 255 daAuts
